 Dungeon Crawl Stone Soup version 0.17-a0-1850-g688e747 (webtiles) character file.

735 kosy22 the Ducker (level 7, -5/60 HPs)
             Began as a Yellow Draconian Berserker on Sept 19, 2015.
             Was a Priest of Trog.
             Slain by a gnoll
             ... wielding a +0 spear
              (7 damage)
             ... on level 6 of the Dungeon.
             The game lasted 00:15:39 (7127 turns).

kosy22 the Ducker (Yellow Draconian Berserker)      Turns: 7127, Time: 00:15:39

Health: -5/60      AC: 12    Str: 22    XL:     7   Next: 45%
Magic:  7/7        EV: 14    Int:  7    God:    Trog [***...]
Gold:   190        SH:  0    Dex: 10    Spells: 0 memorised, 6 levels left

rFire  . . .     SeeInvis .     c - +0 halberd
rCold  . . .     Clarity  .     (armour unavailable)
rNeg   . . .     SustAt   .     (no shield)
rPois  .         Gourm    .     (helmet restricted)
rElec  .         Spirit   .     f - +2 cloak
rCorr  +         Warding  .     b - +2 pair of gloves
rMut   .         Stasis   .     (no boots)
MR     ++...                    (no amulet)
Stlth  +.........               (no ring)
                                (no ring)

@: exhausted, regenerating, slowed, very slow, very resistant to hostile
enchantments, very unstealthy
A: spit acid, acid resistance, unfitting armour, cold-blooded, AC +6
a: Spit Acid, Burn Spellbooks, Berserk, Trog's Hand, Renounce Religion


You were on level 6 of the Dungeon.
You worshipped Trog.
Trog was most pleased with you.
You were not hungry.

You visited 2 branches of the dungeon, and saw 7 of its levels.

You collected 190 gold pieces.

Inventory:

Hand weapons
 a - a +2 mace
 c - a +0 halberd (weapon)
Missiles
 m - 2 steel tomahawks (quivered)
 r - 3 tomahawks
Armour
 b - a +2 pair of gloves (worn)
 f - a +2 cloak (worn)
 s - a +0 helmet
Jewellery
 e - a -2 ring of intelligence
 u - a +3 ring of dexterity {unknown}
Scrolls
 i - a scroll of enchant armour
 l - a scroll of identify
Potions
 d - a potion of resistance {unknown}
 h - a potion of might {unknown}
 j - a potion of magic {unknown}
 k - a potion of flight {unknown}
 p - a potion of poison {unknown}
 q - a potion of cure mutation {unknown}
 v - 3 potions of heal wounds
Comestibles
 g - a bread ration
 n - a slice of pizza
 o - a royal jelly
 t - a beef jerky


   Skills:
 + Level 4.7 Fighting
 + Level 4.2 Maces & Flails
 + Level 1.2 Polearms
 + Level 6.6 Dodging
 + Level 1.4 Stealth


You had 6 spell levels left.
You didn't know any spells.

Dungeon Overview and Level Annotations

Branches:
Dungeon (6/15)             Temple (1/1) D:4

Altars:
Ashenzari
Dithmenos
Elyvilon
Gozag
Kikubaaqudgha
Makhleb
Nemelex Xobeh
Okawaru
Qazlal
Trog
Vehumet
Xom
Yredelemnul
Zin
The Shining One


Innate Abilities, Weirdness & Mutations

You can spit globs of acid.
You are resistant to acid.
Your golden yellow scales are hard (AC +6).
Your body does not fit into most forms of armour.
You are cold-blooded and may be slowed by cold attacks.


Message History

The gnoll closely misses you. The gnoll hits you but does no damage.
The gnoll sergeant barely misses you. The gnoll hits you but does no damage.
The gnoll hits you but does no damage.
You barely miss the gnoll sergeant. The gnoll closely misses you.
The gnoll sergeant hits you with a spear of flaming.
The gnoll sergeant burns you. The gnoll barely misses you.
The gnoll misses you. The gnoll barely misses you.
The gnoll closely misses you.
The gnoll sergeant hits you but does no damage.
The gnoll hits you from afar with a spear.
The ogre misses you.
The gnoll hits you from afar with a spear.
* * * LOW HITPOINT WARNING * * *
The gnoll barely misses you. The gnoll hits you but does no damage.
The gnoll sergeant hits you with a spear of flaming!
* * * LOW HITPOINT WARNING * * *
The gnoll sergeant burns you.
* * * LOW HITPOINT WARNING * * *
The gnoll hits you from afar with a spear!
You die...

...+ +......... [.
...#+#.........###.
..........#+#.....
..........+.+....
..........#.#...#+##
#...###...#.###....#
'...'.'...'...'....+
#...###...#+###.†..#
.....###.....###@g.#.###
.....# +.....+ +Ogg'...+
.....+ #.....# #.gg##'##
.....# #...### #......
.....# #...+ +........
.....# #...# #........
....###.. ....+ .. ....#


You could see an ogre, a gnoll sergeant and 4 gnolls.

Vanquished Creatures
  A phantom (D:5)
  An ogre (D:3)
  A scorpion (D:4)
  A gnoll shaman (D:4)
  2 hounds (D:4)
  Ijyb (D:3)
  Jessica (D:2)
  An orc wizard (D:5)
  2 worker ants (D:4)
  A hound skeleton (D:5)
  13 adders
  6 gnolls
  2 oozes
  2 adder zombies (D:5)
  An adder skeleton (D:4)
  A worm (D:3)
  6 orcs
  3 ball pythons
  5 giant cockroaches
  6 goblins
  9 hobgoblins
  8 jackals
  7 kobolds
  A quokka (D:5)
  10 bats
  2 giant geckos
  4 giant newts
  A jackal zombie (D:5)
  A quokka zombie (D:5)
  8 rats
108 creatures vanquished.

Notes
Turn   | Place    | Note
--------------------------------------------------------------
     0 | D:1      | kosy22 the Draconian Berserker began the quest for the Orb.
     0 | D:1      | Reached XP level 1. HP: 19/19 MP: 1/1
   414 | D:1      | Reached XP level 2. HP: 21/26 MP: 2/2
   681 | D:1      | Acquired Trog's second power
  1095 | D:2      | Reached XP level 3. HP: 28/33 MP: 3/3
  1422 | D:2      | Reached skill level 4 in Fighting
  1422 | D:2      | Reached XP level 4. HP: 35/40 MP: 4/4
  1711 | D:2      | Noticed Jessica
  1722 | D:2      | Killed Jessica
  2216 | D:2      | Reached XP level 5. HP: 46/46 MP: 5/5
  3052 | D:3      | Noticed Ijyb
  3077 | D:3      | Noticed an ogre
  3085 | D:3      | Killed Ijyb
  3085 | D:3      | Reached skill level 1 in Stealth
  3103 | D:3      | Killed an ogre
  3103 | D:3      | Reached skill level 5 in Dodging
  3103 | D:3      | Reached XP level 6. HP: 5/53 MP: 6/6
  3986 | D:3      | You fall through a shaft!
  4996 | D:4      | Found a staircase to the Ecumenical Temple.
  5118 | Temple   | Entered the Ecumenical Temple
  5319 | D:4      | Reached skill level 6 in Dodging
  5319 | D:4      | Your scales start taking on a golden yellow colour.
  5319 | D:4      | Reached XP level 7. HP: 46/60 MP: 7/7
  6083 | D:5      | Entered Level 5 of the Dungeon
  6635 | D:5      | Reached skill level 1 in Polearms
  7127 | D:6      | HP: 2/60 [gnoll sergeant/spear of flaming (5)]
  7127 | D:6      | Slain by a gnoll

Vault maps used:
D:1:      tarquinn_simple_flora_water_b, minivault_4, minmay_cut_off
D:2:      uniq_jessica
D:3:      uniq_iyjb
D:4:      temple_hall, first_bread
D:6:      basic_altar
Temple:   nicolae_temple_x_marks_the_god_16

Action                   |  1- 3 |  4- 6 |  7- 9 || total
-------------------------+-------+-------+-------++-------
Melee: Mace              |   103 |   212 |    10 ||   325
       Halberd           |       |       |    62 ||    62
Invok: Berserk           |       |     2 |     1 ||     3
       Trog's Hand       |       |       |     1 ||     1
  Use: Scroll            |     4 |     3 |     2 ||     9
       Potion            |       |     1 |     3 ||     4
 Stab: Sleeping          |       |     1 |       ||     1
  Eat: Bread ration      |     1 |     2 |     2 ||     5
       Beef jerky        |       |     1 |       ||     1
